 Dungeon Crawl Stone Soup version 0.28.0 (webtiles) character file.

Game seed: 5213673459952553486

1747 dolemite99 the Digger (level 9, -1/65 HPs)
             Began as a Gnoll Earth Elementalist on Feb 6, 2022.
             Was an Elder of Cheibriados.
             Slain by a two-headed ogre (19 damage)
             ... on level 6 of the Dungeon.
             The game lasted 00:08:13 (7434 turns).

dolemite99 the Digger (Gnoll Earth Elementalist)    Turns: 7434, Time: 00:08:14

Health: -1/65      AC:  8    Str: 18    XL:     9   Next: 6%
Magic:  9/18       EV: 15    Int: 29    God:    Cheibriados [****..]
Gold:   359        SH:  0    Dex: 22    Spells: 13/20 levels left

rFire   . . .      SeeInvis .   p - +2 spear (vorpal)
rCold   . . .      Faith    .   (no shield)
rNeg    . . .      Spirit   .   B - +0 swamp dragon scales
rPois   +          Reflect  .   (no helmet)
rElec   .          Harm     .   (no cloak)
rCorr   .          Rampage  .   (no gloves)
Will    .....                   (no boots)
Stlth   +++.......              (no amulet)
HPRegen 0.20/turn               u - ring of flight
MPRegen 0.16/turn               (no ring)

@: flying, very slow
A: fangs 1, strong nose, distributed training
a: Renounce Religion, Bend Time, Temporal Distortion, Slouch


You were on level 6 of the Dungeon.
You worshipped Cheibriados.
Cheibriados was greatly pleased with you.
You visited 1 branch of the dungeon, and saw 6 of its levels.

You collected 359 gold pieces.

Inventory:

Hand Weapons
 a - a +2 antimagic dagger
 f - a +0 dagger
 n - a +0 morningstar
 p - a +2 vorpal spear (weapon)
 y - a +0 trident
Missiles
 c - 33 stones
 j - 5 boomerangs
 m - 81 arrows
 o - 30 sling bullets
Armour
 b - a +0 robe
 q - the +4 robe "Alageg" {rCorr Dex+3}
   (You found it on level 2 of the Dungeon)

   Dex:       It affects your dexterity (+3).
   rCorr:     It protects you from acid and corrosion.
 B - +0 swamp dragon scales (worn)
 E - an orb of wrath
Jewellery
 t - a +6 ring of strength
 u - a ring of flight (left hand)
 w - the ring "Diofarot" {rC- AC+4 Int+4 Dex+4}
   (You took it off an orc on level 5 of the Dungeon)

   [ring of protection]

   AC:        It affects your AC (+4).
   Int:       It affects your intelligence (+4).
   Dex:       It affects your dexterity (+4).
   rC:        It makes you vulnerable to cold.
Scrolls
 d - a scroll of fear
 e - a scroll of fog
 k - a scroll of blinking
 x - a scroll of teleportation
 C - a scroll of acquirement {unknown}
 D - a scroll of identify {@r1}
 F - a scroll of noise {unknown}
Potions
 g - a potion of curing
 h - 2 potions of ambrosia {unknown}
 i - a potion of resistance
 l - a potion of haste {unknown}
 r - a potion of attraction {unknown}
 s - 2 potions of lignification {unknown}
 v - a potion of flight {unknown}
 z - a potion of heal wounds {unknown}
 A - a potion of mutation {unknown}


   Skills:
 + Level 3.8 Fighting
 + Level 3.8 Short Blades
 + Level 3.8 Long Blades
 + Level 3.8 Axes
 + Level 3.8 Maces & Flails
 + Level 3.8 Polearms
 + Level 3.8 Staves
 + Level 3.8 Slings
 + Level 3.8 Bows
 + Level 3.8 Crossbows
 + Level 3.8 Throwing
 + Level 3.8 Armour
 + Level 6.0 Dodging
 + Level 5.7 Stealth
 + Level 3.8 Shields
 + Level 3.8 Unarmed Combat
 + Level 6.3 Spellcasting
 + Level 3.1 Conjurations
 + Level 3.1 Hexes
 + Level 3.1 Summonings
 + Level 3.1 Necromancy
 + Level 3.1 Translocations
 + Level 3.9 Transmutations
 + Level 3.1 Fire Magic
 + Level 3.1 Ice Magic
 + Level 3.1 Air Magic
 + Level 6.3 Earth Magic
 + Level 3.1 Poison Magic
 + Level 4.2 Invocations
 + Level 3.8 Evocations


You had 13 spell levels left.
You knew the following spells:

 Your Spells              Type           Power      Damage    Failure   Level
a - Stone Arrow           Conj/Erth      72%        3d11      4%          3
b - Sandblast             Erth           92%        2d19      1%          1
c - Frozen Ramparts       Ice            54%        1d7       8%          3

Your spell library contained the following spells:

 Spells                   Type           Power      Damage    Failure   Level
 Passwall                 Tmut/Erth      32%        N/A       1%          2
 Freeze                   Ice            100%       1d11      2%          1
 Static Discharge         Conj/Air       27%        N/A       3%          2
 Petrify                  Tmut/Erth      39%        N/A       12%         4
 Hailstorm                Conj/Ice       27%        3d7       26%         4
 Lightning Bolt           Conj/Air       13%        1d27      56%         5
 Maxwell's Capacitive Co  Air            13%        ∞         100%        8


Dungeon Overview and Level Annotations

Branches:
Dungeon (6/15)             Temple (0/1) D:6

Altars:
Cheibriados
Dithmenos
Fedhas
Gozag
Makhleb
Yredelemnul


Innate Abilities, Weirdness & Mutations

You have very sharp teeth.
Your uncanny sense of smell can sniff out nearby items.
Your experience applies equally to all skills.


Message History

Casting: Sandblast (safe; 1% risk of failure)
Confirm with . or Enter, or press ? or * to list all spells.
You can't see any susceptible monsters within range! (Use Z to cast anyway.)
Casting: Sandblast (safe; 1% risk of failure)
Confirm with . or Enter, or press ? or * to list all spells.
You can't see any susceptible monsters within range! (Use Z to cast anyway.) Magic restored.
A two-headed ogre comes into view.
It is wielding a +0 giant spiked club and a +0 giant club.
Casting: Sandblast (safe; 1% risk of failure)
Confirm with . or Enter, or press ? or * to list all spells.
You can't see any susceptible monsters within range! (Use Z to cast anyway.)
The two-headed ogre shouts in stereo!
Casting: Sandblast (safe; 1% risk of failure)
Confirm with . or Enter, or press ? or * to list all spells.
Aiming: Stone Arrow (dangerous; 4% risk of failure)
Press: ? - help, Shift-Dir - straight line, f - two-headed ogre
Aim: a two-headed ogre, wielding a +0 giant spiked club and a +0 giant club (88% to hit)
The stone arrow hits the two-headed ogre!
The two-headed ogre is moderately wounded.
The two-headed ogre hits you with a +0 giant spiked club!!
Ouch! That really hurt!
The two-headed ogre hits you with a +0 giant club!
* * * LOW HITPOINT WARNING * * *
Casting: Stone Arrow (dangerous; 4% risk of failure)
Confirm with . or Enter, or press ? or * to list all spells.
Aiming: Stone Arrow (dangerous; 4% risk of failure)
Press: ? - help, Shift-Dir - straight line, f/p - two-headed ogre
Aim: a two-headed ogre, wielding a +0 giant spiked club and a +0 giant club (moderately wounded, 88% to hit)
The stone arrow hits the two-headed ogre!!
The two-headed ogre is severely wounded.
Casting: Stone Arrow (dangerous; 4% risk of failure)
Confirm with . or Enter, or press ? or * to list all spells.
Aiming: Stone Arrow (dangerous; 4% risk of failure)
Press: ? - help, Shift-Dir - straight line, f/p - two-headed ogre
Aim: a two-headed ogre, wielding a +0 giant spiked club and a +0 giant club (severely wounded, 88% to hit)
The stone arrow hits the two-headed ogre!
The two-headed ogre is almost dead.
The two-headed ogre closely misses you.
The two-headed ogre hits you with a +0 giant club!!
You die...

### #.#.#
#.#
#.#.##.
##.#.#
#.#
#.#.##.
#..#.#
..#
#.#.##.
#.##..
... #....
#.# #####
#.# #.#
##.####.#
#..@O...#
##.######
#.# ###


You could see a two-headed ogre.

Vanquished Creatures
  Maggie (D:6)
  A water moccasin (D:5)
  An ice beast (D:6)
  3 ogres
  A phantom (D:5)
  2 scorpions
  5 killer bees (D:6)
  A howler monkey (D:6)
  A jelly (D:5)
  3 hounds
  2 orc priests
  A centaur skeleton (D:4)
  4 iguanas
  Terence (D:2)
  2 orc wizards (D:2)
  A howler monkey skeleton (D:5)
  3 gnolls (D:2)
  4 adders
  A shadow imp (D:5)
  4 ufetubi
  2 worms
  A dart slug (D:3)
  13 orcs
  10 bats
  7 endoplasms
  A giant cockroach (D:2)
  8 goblins
  8 hobgoblins
  3 jackals (D:2)
  3 quokkas (D:1)
  8 ball pythons
  2 frilled lizards
  3 kobolds
  9 rats
120 creatures vanquished.

Notes
Turn   | Place    | Note
-------+----------+-------------------------------------------
     0 | D:1      | dolemite99 the Gnoll Earth Elementalist began the quest for
                  | the Orb.
     0 | D:1      | Reached XP level 1. HP: 13/13 MP: 6/6
   502 | D:1      | Reached XP level 2. HP: 19/19 MP: 4/7
   666 | D:1      | Found a faded altar of an unknown god.
   802 | D:1      | Prayed at the altar of an unknown god.
   802 | D:1      | Became a worshipper of Cheibriados the Contemplative
   802 | D:1      | Reached * piety under Cheibriados
  1139 | D:1      | Reached XP level 3. HP: 25/25 MP: 5/9
  1143 | D:1      | Reached skill level 5 in Spellcasting
  1322 | D:2      | Noticed Terence
  1333 | D:2      | Killed Terence
  1334 | D:2      | Reached skill level 1 in Fighting
  1334 | D:2      | Reached skill level 1 in Short Blades
  1334 | D:2      | Reached skill level 1 in Long Blades
  1334 | D:2      | Reached skill level 1 in Axes
  1334 | D:2      | Reached skill level 1 in Maces & Flails
  1334 | D:2      | Reached skill level 1 in Polearms
  1334 | D:2      | Reached skill level 1 in Staves
  1334 | D:2      | Reached skill level 1 in Slings
  1334 | D:2      | Reached skill level 1 in Bows
  1334 | D:2      | Reached skill level 1 in Crossbows
  1334 | D:2      | Reached skill level 1 in Throwing
  1334 | D:2      | Reached skill level 1 in Armour
  1334 | D:2      | Reached skill level 1 in Shields
  1334 | D:2      | Reached skill level 1 in Unarmed Combat
  1334 | D:2      | Reached skill level 1 in Invocations
  1334 | D:2      | Reached skill level 1 in Evocations
  1592 | D:2      | Reached XP level 4. HP: 29/32 MP: 9/11
  1621 | D:2      | Noticed an ogre
  1626 | D:2      | Killed an ogre
  1627 | D:2      | Reached skill level 1 in Conjurations
  1627 | D:2      | Reached skill level 1 in Hexes
  1627 | D:2      | Reached skill level 1 in Summonings
  1627 | D:2      | Reached skill level 1 in Necromancy
  1627 | D:2      | Reached skill level 1 in Translocations
  1627 | D:2      | Reached skill level 1 in Fire Magic
  1627 | D:2      | Reached skill level 1 in Ice Magic
  1627 | D:2      | Reached skill level 1 in Air Magic
  1627 | D:2      | Reached skill level 1 in Poison Magic
  1627 | D:2      | Reached XP level 5. HP: 37/37 MP: 8/12
  1666 | D:2      | Reached ** piety under Cheibriados
  1853 | D:2      | Identified the +4 robe "Alageg" {rCorr Dex+3}
  1869 | D:2      | Learned a level 3 spell: Stone Arrow
  1894 | D:2      | Reached XP level 6. HP: 21/44 MP: 5/13
  2534 | D:2      | Reached *** piety under Cheibriados
  3337 | D:3      | Found a basalt altar of Yredelemnul.
  3338 | D:3      | Found a burning altar of Makhleb.
  3894 | D:4      | Reached skill level 5 in Dodging
  4156 | D:4      | Learned a level 3 spell: Frozen Ramparts
  4214 | D:5      | Entered Level 5 of the Dungeon
  4237 | D:4      | Reached **** piety under Cheibriados
  4261 | D:4      | Found a shadowy altar of Dithmenos.
  4308 | D:4      | Found a blossoming altar of Fedhas.
  4325 | D:4      | Found an opulent altar of Gozag.
  4382 | D:4      | Reached XP level 7. HP: 50/50 MP: 13/15
  5269 | D:5      | Identified the ring "Diofarot" {rC- AC+4 Int+4 Dex+4}
  5317 | D:5      | Reached skill level 5 in Stealth
  5521 | D:5      | Reached XP level 8. HP: 57/57 MP: 11/16
  5990 | D:6      | Found a staircase to the Ecumenical Temple.
  6422 | D:6      | Reached ***** piety under Cheibriados
  6749 | D:6      | Noticed Maggie
  6758 | D:6      | Killed Maggie
  7000 | D:6      | Reached XP level 9. HP: 62/65 MP: 14/18
  7429 | D:6      | Noticed a two-headed ogre
  7434 | D:6      | Slain by a two-headed ogre

Illustrated notes

Levels and vault maps discovered:
D:1:      dpeg_arrival_central, layout_loops_ring, ebering_ecumenical_altar_box,
          minmay_misc_feat_secret_circle
D:2:      layout_loops_cross, kennysheep_generic_room_4, uniq_terence
D:3:      layout_basic, chequers_temple_overflow_statue_of_worship,
          serial_co_window_serial, co_window_of_opportunity_a,
          co_window_paths_b, co_window_corner_a, co_window_corner_a,
          co_window_paths_a, co_window_cross_2, co_window_broadway_c,
          co_window_2corner, co_window_cross_2, co_window_paths_e,
          glass_columns_c, glass_columns_a, glass_columns_c, glass_columns_b,
          minmay_misc_feat_nine_boxes, minmay_misc_feat_enclosed,
          chequers_serial_rivers_room_b
D:4:      layout_rooms, mainiacjoe_overflow_small_starburst, minitemple
D:5:      layout_loops_ring, columned_hall_lemuel
D:6:      layout_basic, minmay_temple_entry_stoned_glass, uniq_maggie

Skill      XL: |  1  2  3  4  5  6  7  8 |
---------------+-------------------------+-----
Transmutations | 2 3 |  3.9
Spellcasting   | 5 6 |  6.3
Fighting       | 1 2 3 |  3.8
Short Blades   | 1 2 3 |  3.8
Long Blades    | 1 2 3 |  3.8
Axes           | 1 2 3 |  3.8
Maces & Flails | 1 2 3 |  3.8
Polearms       | 1 2 3 |  3.8
Staves         | 1 2 3 |  3.8
Slings         | 1 2 3 |  3.8
Bows           | 1 2 3 |  3.8
Crossbows      | 1 2 3 |  3.8
Throwing       | 1 2 3 |  3.8
Armour         | 1 2 3 |  3.8
Shields        | 1 2 3 |  3.8
Unarmed Combat | 1 2 3 |  3.8
Invocations    | 1 2 3 4 |  4.2
Evocations     | 1 2 3 |  3.8
Conjurations   | 1 2 3 |  3.1
Hexes          | 1 2 3 |  3.1
Summonings     | 1 2 3 |  3.1
Necromancy     | 1 2 3 |  3.1
Translocations | 1 2 3 |  3.1
Fire Magic     | 1 2 3 |  3.1
Ice Magic      | 1 2 3 |  3.1
Air Magic      | 1 2 3 |  3.1
Poison Magic   | 1 2 3 |  3.1
Dodging        | 5 6 |  6.0
Stealth        | 5 |  5.7
Earth Magic    | 6 |  6.3

Action                   |  1- 3 |  4- 6 |  7- 9 || total
-------------------------+-------+-------+-------++-------
Melee: Dagger            |    11 |       |       ||    11
       Bite              |     2 |     1 |     1 ||     4
       Spear             |       |    10 |    23 ||    33
 Cast: Sandblast         |    40 |    79 |    41 ||   160
       Stone Arrow       |       |       |    13 ||    13
       Frozen Ramparts   |       |       |     1 ||     1
Invok: Slouch            |       |       |     1 ||     1
  Use: Scroll            |       |     6 |     2 ||     8
       Potion            |       |       |     3 ||     3
 Stab: Sleeping          |       |       |     1 ||     1
Armor: Robe              |     5 |    11 |     9 ||    25
       Swamp dragon scal |       |       |     1 ||     1
Dodge: Dodged            |    30 |    40 |    41 ||   111
